 Dungeon Crawl Stone Soup version 0.27-a0-1202-ge72e49191c (webtiles) character file.

Game seed: 10723281395088094841

17930 Delamore the Spear-Bearer (level 12, -10/96 HPs)
             Began as a Formicid Fighter on June 4, 2021.
             Was the Champion of Okawaru.
             Mangled by a komodo dragon (26 damage)
             ... on level 1 of the Lair of Beasts.
             The game lasted 00:15:37 (15928 turns).

Delamore the Spear-Bearer (Formicid Fighter)       Turns: 15928, Time: 00:15:37

Health: -10/96     AC: 13    Str: 25    XL:     12   Next: 88%
Magic:  19/19      EV: 10    Int:  9    God:    Okawaru [******]
Gold:   1659       SH: 12    Dex: 10    Spells: 11/11 levels left

rFire    + . .     SeeInvis +   D - +2 trident (vorpal)
rCold    + . .     Faith    .   c - +1 kite shield
rNeg     . . .     Spirit   .   p - +6 ring mail of Zin's Grace {rElec rF+ Will- rCorr}
rPois    +         Reflect  .   (helmet unavailable)
rElec    +         Harm     .   (no cloak)
rCorr    +         Rampage  .   k - +0 pair of gloves
Will     .....                  (no boots)
Stlth    ..........             (no amulet)
HPRegen  0.26/turn              s - ring of protection from cold
MPRegen  0.16/turn              i - ring of poison resistance

@: no status effects
A: permanent stasis, dig shafts and tunnels, antennae 3, four strong arms
a: Dig, Shaft Self, Renounce Religion, Heroism, Finesse


You were on level 1 of the Lair of Beasts.
You worshipped Okawaru.
Okawaru was exalted by your worship.
You visited 2 branches of the dungeon, and saw 11 of its levels.

You collected 1659 gold pieces.

Inventory:

Hand Weapons
 a - a +4 spear
 D - a +2 vorpal trident (weapon)
Missiles
 h - 16 boomerangs
 o - 19 poisoned darts (quivered)
 t - 2 throwing nets
 x - 4 javelins
 F - 16 atropa-tipped darts
 K - a curare-tipped dart
 M - 2 silver javelins
Armour
 c - a +1 kite shield (worn)
 k - a +0 pair of gloves (worn)
 p - the +6 ring mail of Zin's Grace (worn) {rElec rF+ Will- rCorr}
   (You found it on level 5 of the Dungeon)

   It protects you from fire.
   It insulates you from electricity.
   It protects you from acid and corrosion.
   It decreases your willpower.
Jewellery
 e - a ring of positive energy
 g - a ring of fire
 i - a ring of poison resistance (right hand)
 l - a ring of flight
 s - a ring of protection from cold (left hand)
 B - a +6 ring of dexterity
 H - a ring of wizardry
Wands
 b - a wand of polymorph (7)
 q - a wand of digging (5)
Scrolls
 u - a scroll of fog {unknown}
 w - 4 scrolls of immolation
 y - 2 scrolls of enchant weapon
 z - a scroll of blinking {unknown}
 A - 3 scrolls of noise {unknown}
 I - 2 scrolls of fear {unknown}
Potions
 d - 3 potions of might
 f - a potion of lignification
 j - 3 potions of flight
 m - 2 potions of attraction
 n - 3 potions of curing {unknown}
 v - a potion of mutation {unknown}
 C - 2 potions of haste {unknown}
 E - a potion of ambrosia {unknown}
 G - a potion of degeneration {unknown}
 J - 2 potions of invisibility {unknown}
 L - a potion of brilliance {unknown}


   Skills:
 + Level 9.4 Fighting
 - Level 14.0 Polearms
 - Level 6.0 Throwing
 - Level 5.0 Armour
 - Level 7.0 Shields
 - Level 10.0 Invocations


You had 11 spell levels left.
You didn't know any spells.
Your spell library contained the following spells:

 Spells                   Type           Power      Damage    Failure   Level
 Foxfire                  Conj/Fire      0%         2x1d4     67%         1
 Poisonous Vapours        Pois/Air       0%         N/A       80%         2
 Conjure Flame            Conj/Fire      0%         6-21      95%         3
 Inner Flame              Hex/Fire       0%         N/A       95%         3
 Mephitic Cloud           Conj/Pois/Air  0%         N/A       95%         3
 Animate Dead             Necr           0%         N/A       100%        4
 Sticky Flame             Conj/Fire      0%         2d3       100%        4
 Borgnjor's Vile Clutch   Necr/Erth      0%         N/A       100%        5
 Fireball                 Conj/Fire      0%         3d3       100%        5
 Irradiate                Conj/Tmut      0%         3d13      100%        5
 Blade Hands              Tmut           0%         N/A       100%        6
 Death Channel            Necr           0%         N/A       100%        6
 Freezing Cloud           Conj/Ice/Air   0%         6-21      100%        6
 Simulacrum               Ice/Necr       0%         N/A       100%        6
 Statue Form              Tmut/Erth      0%         N/A       100%        6
 Dragon Form              Tmut           0%         N/A       100%        7


Dungeon Overview and Level Annotations

Branches:
Dungeon (10/15)            Temple (0/1) D:6            Lair (1/6) D:10
    Orc (0/2) D:9

Altars:
Cheibriados
Elyvilon
Fedhas
Gozag
Kikubaaqudgha
Okawaru
Qazlal
Ru
Sif Muna
Trog
Vehumet
Wu Jian
Zin
The Shining One
Lugonu

Shops:
D:2 :   D:8 [

Annotations:
D:9 2 transporters
D:10 1 runed translucent door, caleiya's ghost, novice GrFi


Innate Abilities, Weirdness & Mutations

You cannot be hasted, slowed, berserked, paralysed or teleported.
You can dig through walls and to a lower floor.
You have a pair of large antennae on your head. (SInv)
Your four strong arms can wield two-handed weapons with a shield.


Message History

The basilisk gazes at you. The komodo dragon bites you! The basilisk bites you!
The komodo dragon bites you! The basilisk gazes at you.
The komodo dragon bites you but does no damage.
The basilisk bites you! The komodo dragon bites you!
* * * LOW HITPOINT WARNING * * *
The basilisk bites you!
* * * LOW HITPOINT WARNING * * *
The komodo dragon bites you.
* * * LOW HITPOINT WARNING * * *
The basilisk bites you but does no damage.
You turn to flesh and can move again.
You completely miss the basilisk.
The basilisk is almost dead.
You block the komodo dragon's attack.
You barely miss the basilisk.
The basilisk is almost dead.
The basilisk bites you.
* * * LOW HITPOINT WARNING * * *
You block the komodo dragon's attack.
You puncture the basilisk!
You kill the basilisk!
Okawaru accepts your kill. The komodo dragon closely misses you.
Training target 10.0 for Invocations reached!
Your Invocations skill increases to level 10!
You hit the komodo dragon but do no damage.
Your ring mail of Zin's Grace prevents you from hitting the komodo dragon.
The komodo dragon closely misses you.
You puncture the komodo dragon!
The komodo dragon is moderately wounded.
You block the komodo dragon's attack.
You hit the komodo dragon but do no damage.
The komodo dragon is moderately wounded.
You hit the komodo dragon.
The komodo dragon is heavily wounded.
The komodo dragon bites you!!
You die...

#.......!..#
#..........#
##..........#
#P..........##
#............
#..........#
#...†l.....#
#@.# ###..#
##P#.## ##....P#
###.+..#####
#..........#
#..........#
#....>.....# #
#..........##.##


You could see a komodo dragon.

Vanquished Creatures
  Erolcha (D:9)
  3 two-headed ogres (D:10)
  Joseph (D:7)
  6 elephants (Lair:1)
  A gargoyle (D:7)
  A komodo dragon (Lair:1)
  3 cane toads (Lair:1)
  2 hornets
  Prince Ribbit (D:7)
  A spriggan (Lair:1)
  4 wyverns (D:10)
  A vampire (D:9)
  13 yaks
  Eustachio (D:5)
  A basilisk (Lair:1)
  10 water moccasins
  5 orc warriors
  6 sky beasts
  5 black bears
  3 ice beasts
  20 wolves (Lair:1)
  2 centaurs
  3 phantoms
  A lemure (D:7)
  Blork the orc (D:6)
  3 kobold brigands
  5 bullfrogs
  2 scorpions
  9 killer bees
  8 wights
  2 vampire bats
  2 centaur zombies
  3 centaur skeletons
  2 jellies
  8 orc priests
  3 hounds
  2 bullfrog skeletons
  6 iguanas
  10 orc wizards
  A killer bee zombie (D:5)
  2 howler monkey zombies (D:10)
  6 gnolls
  7 adders
  5 white imps
  2 worms
  A dart slug (D:1)
  34 orcs
  8 ball pythons
  12 bats (D:3)
  A bat skeleton (D:4)
  5 bat zombies (D:4)
  8 endoplasms
  4 giant cockroaches
  8 goblins
  6 hobgoblins
  8 jackals
  7 quokkas
  4 frilled lizards
  16 kobolds
  8 rats
314 creatures vanquished.

Vanquished Creatures (others)
  An orc wizard (D:9)
  A bush (D:10)
  2 fungi (D:10)
  6 plants (D:10)
10 creatures vanquished.

Grand Total: 324 creatures vanquished

Notes
Turn   | Place    | Note
-------+----------+-------------------------------------------
     0 | D:1      | Delamore the Formicid Fighter began the quest for the Orb.
     0 | D:1      | Reached XP level 1. HP: 18/18 MP: 1/1
    34 | D:1      | Reached XP level 2. HP: 20/24 MP: 2/2
   265 | D:1      | Reached XP level 3. HP: 8/30 MP: 3/3
   266 | D:1      | Reached skill level 3 in Polearms
  1396 | D:2      | Found a faded altar of an unknown god.
  1426 | D:2      | Reached XP level 4. HP: 37/37 MP: 4/4
  1441 | D:2      | Became a worshipper of Sif Muna the Loreminder
  1441 | D:2      | Reached * piety under Sif Muna
  1745 | D:2      | Found Ugreesm's Book Boutique.
  1924 | D:3      | Found an iron altar of Okawaru.
  1949 | D:3      | Reached skill level 4 in Polearms
  2086 | D:3      | Fell from the grace of Sif Muna
  2086 | D:3      | Became a worshipper of Warmaster Okawaru
  2116 | D:3      | Reached XP level 5. HP: 36/42 MP: 5/5
  2837 | D:3      | Found a sacrificial altar of Ru.
  2911 | D:3      | Found a white marble altar of Elyvilon.
  3155 | D:4      | Reached XP level 6. HP: 49/49 MP: 6/6
  3173 | D:4      | Reached skill level 5 in Polearms
  3220 | D:4      | Found an opulent altar of Gozag.
  3265 | D:4      | Found a glowing silver altar of Zin.
  3307 | D:4      | Found a radiant altar of Vehumet.
  3327 | D:4      | Reached skill level 5 in Fighting
  3332 | D:4      | Reached skill level 6 in Polearms
  3332 | D:4      | Reached XP level 7. HP: 26/56 MP: 7/7
  3510 | D:4      | Found a bloodstained altar of Trog.
  3581 | D:3      | Reached * piety under Okawaru
  3639 | D:4      | Reached skill level 7 in Polearms
  3936 | D:4      | Found an ancient bone altar of Kikubaaqudgha.
  4015 | D:4      | Identified a scroll of acquirement
  4015 | D:4      | Acquired 951 gold pieces
  4087 | D:5      | Entered Level 5 of the Dungeon
  4164 | D:5      | Reached XP level 8. HP: 56/62 MP: 8/8
  4232 | D:5      | Reached skill level 8 in Polearms
  4456 | D:5      | Identified the +6 ring mail of Zin's Grace {rElec rF+ Will-
                  | rCorr}
  4470 | D:5      | Noticed Eustachio
  4515 | D:5      | Killed Eustachio
  4515 | D:5      | Reached ** piety under Okawaru
  4959 | D:5      | Reached skill level 9 in Polearms
  5535 | D:6      | Found a staircase to the Ecumenical Temple.
  5989 | D:6      | Reached skill level 10 in Polearms
  5989 | D:6      | Reached XP level 9. HP: 60/68 MP: 9/9
  6078 | D:6      | Reached *** piety under Okawaru
  6218 | D:6      | Found a glowing golden altar of the Shining One.
  6369 | D:6      | Noticed Blork the orc
  6374 | D:6      | Killed Blork the orc
  6978 | D:7      | Reached skill level 11 in Polearms
  7837 | D:7      | Reached skill level 12 in Polearms
  7846 | D:7      | Noticed Joseph
  7864 | D:7      | Killed Joseph
  7864 | D:7      | Reached **** piety under Okawaru
  7865 | D:7      | Reached XP level 10. HP: 24/74 MP: 2/10
  8489 | D:7      | Noticed Prince Ribbit
  8516 | D:7      | Noticed a gargoyle
  8519 | D:7      | Killed Prince Ribbit
  8520 | D:7      | Reached skill level 13 in Polearms
  8529 | D:7      | Killed a gargoyle
  8808 | D:7      | Reached ***** piety under Okawaru
  9645 | D:8      | Found a stormy altar of Qazlal.
  9723 | D:8      | Reached skill level 1 in Throwing
  9723 | D:8      | Reached skill level 1 in Invocations
 10422 | D:8      | Was forgiven by Sif Muna
 10997 | D:8      | Found Esaxkal's Antique Armour Shoppe.
 11100 | D:9      | Reached skill level 14 in Polearms
 11224 | D:9      | Reached XP level 11. HP: 75/79 MP: 12/12
 11387 | D:9      | You fall into a shaft and drop 1 floor!
 11387 | D:10     | Entered Level 10 of the Dungeon
 11387 | D:10     | Found a blossoming altar of Fedhas.
 11418 | D:10     | Reached skill level 5 in Shields
 11510 | D:10     | Noticed a two-headed ogre
 11577 | D:9      | Reached skill level 5 in Armour
 11620 | D:9      | Received a gift from Okawaru
 12414 | D:9      | Noticed a cyan ugly thing
 12416 | D:9      | Noticed a green ugly thing
 12419 | D:9      | Noticed a cyan ugly thing
 12420 | D:9      | Noticed a green ugly thing
 12421 | D:9      | Found a corrupted altar of Lugonu.
 12442 | D:9      | Found an ornate altar of the Wu Jian Council.
 12543 | D:9      | Noticed Erolcha
 12559 | D:9      | Killed Erolcha
 12560 | D:9      | Reached skill level 5 in Invocations
 12751 | D:9      | Found a transporter.
 12753 | D:9      | Found a transporter.
 12795 | D:9      | Found a staircase to the Orcish Mines.
 13141 | D:10     | Reached skill level 5 in Throwing
 13219 | D:10     | Received a gift from Okawaru
 13297 | D:10     | Identified the +1 leather armour of the Wild Haggis {Dex+6}
 13299 | D:10     | Found a staircase to the Lair.
 13365 | D:10     | Found a snail-covered altar of Cheibriados.
 13403 | D:10     | Noticed a two-headed ogre
 13405 | D:10     | Noticed a two-headed ogre
 13426 | D:10     | Killed a two-headed ogre
 13427 | D:10     | Killed a two-headed ogre
 13427 | D:10     | Received a gift from Okawaru
 13427 | D:10     | Received a gift from Okawaru
 13428 | D:10     | Reached XP level 12. HP: 67/88 MP: 12/16
 13558 | D:10     | Killed a two-headed ogre
 13847 | D:10     | Found a runed translucent door.
 13847 | D:10     | Noticed a boulder beetle
 13849 | D:10     | Noticed caleiya's ghost (novice GrFi)
 14185 | Lair:1   | Entered Level 1 of the Lair of Beasts
 14240 | Lair:1   | Received a gift from Okawaru
 14402 | Lair:1   | Received a gift from Okawaru
 14895 | Lair:1   | Reached ****** piety under Okawaru
 14933 | Lair:1   | Noticed a spriggan rider
 15924 | Lair:1   | Reached skill level 10 in Invocations
 15928 | Lair:1   | Mangled by a komodo dragon

Illustrated notes

Levels and vault maps discovered:
D:1:      doesnt_arrival_eight_statues, layout_basic
D:2:      layout_basic, serial_shops, shop_fountains,
          shapermc_ecumenical_altar_gd
D:3:      layout_rooms, hangedman_ru_absence, overflow_temple_1_default,
          pf_just_have_faith, dk_noncrumbling_2, minmay_misc_feat_enclosed,
          hex_intersection, roderic_batcave
D:4:      layout_basic, pdpol_temple_overflow_zin_treasury_gozag_greed,
          old_standard_altar, kennysheep_vampire_church, trog_ov_bears_minmay,
          ebering_dispersal_statue_hall
D:5:      layout_loops_ring, uniq_eustachio
D:6:      layout_basic, amcnicky_altar_gilded, minmay_temple_entry_glass,
          uniq_blork_the_orc
D:7:      layout_basic, minmay_alternating_orb, uniq_joseph,
          uniq_prince_ribbit1, uniq_pikel
D:8:      layout_basic, old_standard_altar, serial_shops,
          nicolae_shop_behind_doors
D:9:      gammafunk_corrupted_shrine, layout_loops_ring,
          nzn_wu_jian_council_hall, orc_0_dummy, uniq_erolcha
D:10:     layout_basic, fedhas_altar_2, nicolae_overflow_hidden_temple,
          minmay_lair_entry_grove, ebering_ghost_inner_flame
Lair:1:   layout_roguey, grunt_forest_large_clearings

Skill      XL: |  1  2  3  4  5  6  7  8  9 10 11 12 |
---------------+-------------------------------------+-----
Polearms       | 3 4 6 7 10 12 14 | 14.0
Fighting       | 4 5 6 9 |  9.4
Throwing       | 1 6 |  6.0
Shields        | 4 7 |  7.0
Invocations    | 2 6 10 | 10.0
Armour         | 4 5 |  5.0

Action                   |  1- 3 |  4- 6 |  7- 9 | 10-12 || total
-------------------------+-------+-------+-------+-------++-------
Melee: Trident           |    94 |   152 |   437 |   920 ||  1603
Throw: Dart              |       |       |     2 |    11 ||    13
       Boomerang         |       |       |       |     2 ||     2
Invok: Heroism           |       |       |       |    13 ||    13
       Finesse           |       |       |       |     4 ||     4
 Abil: Dig               |       |       |     3 |     3 ||     6
Evoke: Wand              |       |       |       |     5 ||     5
  Use: Scroll            |     4 |     1 |     2 |     2 ||     9
       Potion            |       |       |     1 |     3 ||     4
 Stab: Paralysed         |       |       |       |    13 ||    13
Armor: Scale mail        |    29 |    66 |   103 |       ||   198
       Ring mail         |       |       |   101 |   159 ||   260
Dodge: Dodged            |    23 |    61 |   132 |   150 ||   366
Block: Kite shield       |    43 |    91 |   229 |   332 ||   695

Table legend: (Time is in decaauts)
 A = Elapsed time spent in this place.
 B = Non-inter-level travel time spent in this place.
 C = Inter-level travel time spent in this place.
 D = Time resting spent in this place.
 E = Time spent auto-exploring this place.
 F = Levels seen in this place.
 G = Mean time per level.
                   A        B        C        D        E       F      G
               +--------+--------+--------+--------+--------+-----+--------+
         Total |  15688 |  15322 |    366 |   4137 |   8724 |  11 | 1426.2 |
       Dungeon |  14471 |  14105 |    366 |   3887 |   8010 |  10 | 1447.1 |
          Lair |   1216 |   1216 |      0 |    250 |    714 |   1 | 1216.0 |
               +--------+--------+--------+--------+--------+-----+--------+

Top non-repeatable levels by time:
     D:7: 2116 daAuts
     D:6: 1970 daAuts
    D:10: 1651 daAuts
     D:9: 1636 daAuts
     D:8: 1545 daAuts
     D:5: 1383 daAuts
     D:3: 1290 daAuts
  Lair:1: 1216 daAuts
     D:1: 1122 daAuts
     D:4: 943 daAuts
     D:2: 811 daAuts
